 Dungeon Crawl Stone Soup version 0.19.1 (webtiles) character file.

306 M4edhros the Insei (level 6, 0/36 HPs)
             Began as an Octopode Necromancer on Dec 13, 2016.
             Was an Initiate of Cheibriados.
             Slain by an orc warrior
             ... wielding a +0 scimitar
              (19 damage)
             ... on level 5 of the Dungeon.
             The game lasted 00:11:54 (1869 turns).

M4edhros the Insei (Octopode Necromancer)           Turns: 1869, Time: 00:11:54

Health: 0/36       AC:  1    Str:  8    XL:     6   Next: 39%
Magic:  5/9        EV: 14    Int: 21    God:    Cheibriados [......]
Gold:   121        SH:  0    Dex: 17    Spells: 5 memorised, 2 levels left

rFire  + . .     SeeInvis .       - Unarmed
rCold  . . .     Gourm    .     (no shield)
rNeg   . . .     Faith    .     (helmet restricted)
rPois  .         Spirit   .     (no amulet)
rElec  .         Reflect  .     (no ring)
rCorr  .         Harm     .     (no ring)
MR     .....                    (no ring)
Stlth  +++.......               (no ring)
                                (no ring)
                                (no ring)
                                (no ring)
                                (no ring)

@: regenerating (expiring), very slow
A: almost no armour, stealthy swim, amphibious, 8 rings, constrict 8, camouflage
1, agile 1, clever 1, fire resistance 1, gelatinous body 1, subdued magic 1
a: Bend Time, Renounce Religion


You were on level 5 of the Dungeon.
You worshipped Cheibriados.
Cheibriados was noncommittal.
You were not hungry.

You visited 2 branches of the dungeon, and saw 8 of its levels.

You collected 121 gold pieces.

Inventory:

Hand Weapons
 m - a +2 dagger of venom
 q - a +2 hand axe of chopping
Missiles
 i - a throwing net (quivered)
Jewellery
 l - an uncursed ring of fire
Wands
 s - a wand of flame (27/48)
Scrolls
 c - 3 scrolls of identify {unknown}
 d - a scroll of enchant weapon {unknown}
 e - a scroll of enchant armour {unknown}
 h - a scroll of noise {unknown}
 j - a scroll of immolation {unknown}
 k - 3 scrolls of fear {unknown}
 n - a scroll of amnesia {unknown}
 o - 4 scrolls of magic mapping {unknown}
 p - 2 scrolls of remove curse {unknown}
 t - 2 scrolls of recharging {unknown}
Potions
 g - a potion of magic
 w - a potion of curing
Books
 a - a book of Necromancy

   Spells                             Type                      Level
   a - Pain                           Necromancy                   1
   b - Animate Skeleton               Necromancy                   1
   c - Vampiric Draining              Necromancy                   3
   d - Regeneration                   Charms/Necromancy            3
   e - Animate Dead                   Necromancy                   4
   f - Control Undead                 Necromancy                   4
 u - a book of Cantrips

   Spells                             Type                      Level
   a - Confusing Touch                Hexes                        1
   b - Animate Skeleton               Necromancy                   1
   c - Summon Small Mammal            Summoning                    1
   d - Apportation                    Translocation                1
Comestibles
 b - 3 bread rations
 f - a meat ration
 r - a royal jelly
 v - 4 chunks of flesh


   Skills:
 - Level 2.0 Dodging
 - Level 2.6 Stealth
 + Level 6.1 Unarmed Combat
 - Level 2.0 Spellcasting
 - Level 4.0 Necromancy


You had 2 spell levels left.
You knew the following spells:

 Your Spells              Type           Power        Failure   Level  Hunger
a - Pain                  Necr           ##..         1%          1    #......
b - Animate Skeleton      Necr           N/A          1%          1    #......
c - Regeneration          Chrm/Necr      #.........   17%         3    ###....
d - Confusing Touch       Hex            #.....       12%         1    #......
e - Summon Small Mammal   Summ           #...         12%         1    #......


Dungeon Overview and Level Annotations

Branches:
Dungeon (7/15)             Temple (1/1) D:7

Altars:
Ashenzari
Cheibriados
Fedhas
Gozag
Hepliaklqana
Kikubaaqudgha
Makhleb
Nemelex Xobeh
Qazlal
Trog
Uskayaw
Vehumet
Xom
Zin
The Shining One

Annotations:
D:4 Sigmund


Innate Abilities, Weirdness & Mutations

You cannot wear most types of armour.
You are very stealthy in the water. (Stealth+)
You are amphibious.
You can wear up to eight rings at the same time.
You can use your tentacles to constrict eight enemies at once.
Your skin changes colour to match your surroundings (Stealth+).
Your rubbery body absorbs attacks. (AC +1, EV +1)
You are agile. (Dex +2)
Your mind is acute. (Int +2)
Your flesh is heat resistant. (rF+)
Your spells are a little easier to cast, but a little less powerful.


Message History

You squeeze the orc warrior.
The orc warrior is almost dead.
You constrict the orc warrior, but do no damage.
The orc warrior barely misses the leopard gecko.
Unknown command.
You tentacle-slap the orc warrior but do no damage.
The orc warrior is almost dead.
You constrict the orc warrior.
The orc wizard gestures wildly while chanting.
The orc wizard flickers and vanishes!
Deactivating autopickup; reactivate with Ctrl-A.
Unknown command.
You tentacle-slap the orc warrior but do no damage.
You tentacle-slap the orc warrior, but do no damage.
You squeeze the orc warrior, but do no damage.
The orc warrior is almost dead.
You constrict the orc warrior.
The orc warrior hits you with a scimitar!!
Ouch! That really hurt!
You die...

#o# .....## #%#
....... #.#
#######.....#
#.###...o.......#
#.#o.#.##..os...#
##.#o.so..#{#####
#####.####l#
#.####o# #.(..@)#
########


You could see an orc warrior (confused), a scorpion, an orc and a leopard gecko.

Vanquished Creatures
  2 scorpions (D:6)
  A crimson imp (D:7)
  An orc priest (D:6)
  A hound (D:5)
  A jelly (Temple)
  An orc wizard (D:6)
  2 adders
  A shadow imp (D:6)
  A worm (D:2)
  A dart slug (D:1)
  5 orcs
  A giant cockroach (D:1)
  3 goblins
  2 hobgoblins
  5 bats
  2 frilled lizards
  3 kobolds
  5 rats
38 creatures vanquished.

Notes
Turn   | Place    | Note
-------+----------+-------------------------------------------
     0 | D:1      | M4edhros the Octopode Necromancer began the quest for the Orb.
     0 | D:1      | Reached XP level 1. HP: 11/11 MP: 3/3
   164 | D:3      | Reached skill level 1 in Unarmed Combat
   234 | D:2      | Reached XP level 2. HP: 13/17 MP: 0/5
   312 | D:2      | Found an opulent altar of Gozag.
   379 | D:2      | Reached skill level 2 in Unarmed Combat
   599 | D:1      | Reached XP level 3. HP: 10/21 MP: 3/6
   602 | D:1      | Learned a level 1 spell: Animate Skeleton
   606 | D:1      | Learned a level 3 spell: Regeneration
   789 | D:3      | Noticed an ogre
   979 | D:4      | Reached skill level 3 in Unarmed Combat
  1059 | D:4      | Noticed Sigmund
  1082 | D:5      | Entered Level 5 of the Dungeon
  1082 | D:5      | Noticed an orc warrior
  1088 | D:5      | Reached XP level 4. HP: 15/27 MP: 5/7
  1173 | D:6      | Reached skill level 4 in Unarmed Combat
  1173 | D:6      | Reached XP level 5. HP: 23/31 MP: 0/8
  1326 | D:6      | Learned a level 1 spell: Confusing Touch
  1328 | D:6      | Learned a level 1 spell: Summon Small Mammal
  1332 | D:6      | Noticed a phantom
  1334 | D:6      | Noticed an orc warrior
  1338 | D:6      | Gained mutation: You tend to lose your temper in combat. [potion of mutation]
  1338 | D:6      | Gained mutation: Your mind is acute. (Int +2) [potion of mutation]
  1338 | D:6      | Gained mutation: You are agile. (Dex +2) [potion of mutation]
  1340 | D:6      | Lost mutation: You are agile. (Dex +2) [potion of mutation]
  1340 | D:6      | Gained mutation: Your flesh is heat resistant. (rF+) [potion of mutation]
  1340 | D:6      | Gained mutation: Your spells are a little easier to cast, but a little less powerful. [potion of mutation]
  1344 | D:6      | Gained mutation: You are agile. (Dex +2) [potion of mutation]
  1344 | D:6      | Lost mutation: You tend to lose your temper in combat. [potion of mutation]
  1390 | D:7      | Found a staircase to the Ecumenical Temple.
  1485 | Temple   | Entered the Ecumenical Temple
  1546 | Temple   | Became a worshipper of Cheibriados the Contemplative
  1597 | Temple   | Reached skill level 5 in Unarmed Combat
  1664 | D:7      | Reached XP level 6. HP: 13/36 MP: 2/9
  1787 | D:6      | Reached skill level 6 in Unarmed Combat
  1869 | D:5      | Slain by an orc warrior

Skill      XL: |  1  2  3  4  5  6 |
---------------+-------------------+-----
Unarmed Combat | 1 2 3 4 5 6 |  6.1
Dodging        | |  2.0
Stealth        | |  2.6
Spellcasting   | |  2.0
Necromancy     | |  4.0

Action                   |  1- 3 |  4- 6 || total
-------------------------+-------+-------++-------
Melee: Unarmed           |    51 |    62 ||   113
       Constrict         |    14 |     8 ||    22
       Tentacles         |     8 |    18 ||    26
       Punch             |       |     3 ||     3
 Cast: Pain              |    33 |    10 ||    43
       Regeneration      |     3 |    16 ||    19
       Animate Skeleton  |     1 |     3 ||     4
       Confusing Touch   |       |     1 ||     1
Evoke: Wand              |       |     2 ||     2
  Use: Potion            |     7 |     3 ||    10
 Stab: Sleeping          |     7 |       ||     7
       Confused          |       |     1 ||     1
  Eat: Chunk             |     1 |     2 ||     3
       Meat ration       |       |     1 ||     1
Armor: Skin              |     5 |     2 ||     7
Dodge: Dodged            |    42 |    21 ||    63
